 Dungeon Crawl Stone Soup version 0.29.0-4-gdea44cf6ec (webtiles) character file.

Game seed: 2147814516890662223

60 qw the Chopper (level 4, 0/26 HPs)
             Began as a Tengu Warper on Aug 28, 2022.
             Succumbed to an adder's poison
             ... on level 3 of the Dungeon.
             The game lasted 00:00:09 (1868 turns).

qw the Chopper (Tengu Warper)                       Turns: 1868, Time: 00:00:09

Health: 0/26       AC:  3    Str: 13    XL:     4   Next: 6%
Magic:  3/8        EV: 12    Int: 14    God:
Gold:   61         SH:  0    Dex: 13    Spells: 7/7 levels left

rFire   . . .      SeeInvis .   Y - +4 hand axe
rCold   . . .      Faith    .   (no shield)
rNeg    . . .      Spirit   +   b - +0 leather armour
rPois   .          Reflect  .   (helmet restricted)
rElec   .          Harm     .   (no cloak)
rCorr   .          Rampage  .   (no gloves)
Will    .....                   (boots unavailable)
Stlth   +.........              f - amulet of guardian spirit
HPRegen 0.08/turn               (no ring)
MPRegen 0.11/turn               (no ring)

@: lethally poisoned (0 -> -10), about to teleport
A: beak, talons 3
a: no special abilities


You were on level 3 of the Dungeon.
You visited 1 branch of the dungeon, and saw 3 of its levels.

You collected 61 gold pieces.


Innate Abilities, Weirdness & Mutations

You have a beak for a mouth.
You have claws for feet.


   Skills:
 - Level 2.0 Fighting
 + Level 4.6 Axes
 - Level 1.0 Throwing
 - Level 1.1 Armour
 - Level 2.1 Dodging
 - Level 2.0 Spellcasting
 - Level 2.4 Translocations


You had 7 spell levels left.
You didn't know any spells.
Your spell library contained the following spells:

 Spells                   Type           Power      Damage    Failure   Level
 Blink                    Tloc           16%        N/A       17%         2
 Gell's Gravitas          Tloc           8%         N/A       34%         3
 Lesser Beckoning         Tloc           8%         N/A       34%         3
 Teleport Other           Tloc           8%         N/A       34%         3
 Manifold Assault         Tloc           8%         N/A       97%         5

Inventory:

Hand Weapons
 d - a +0 club
 Y - a +4 hand axe (weapon)
Armour
 b - a +0 leather armour (worn)
Jewellery
 f - an amulet of guardian spirit (around neck)
 h - a ring of ice
Scrolls
 c - a scroll of teleportation
 e - a scroll of vulnerability {unknown}
Potions
 a - a potion of degeneration {unknown}
 i - a potion of mutation {unknown}
 k - a potion of brilliance {unknown}
 l - a potion of curing

Dungeon Overview and Level Annotations

Branches:
Dungeon (3/15)

Altars:


Message History

Found a stone staircase leading down.
An adder comes into view.
The adder hisses angrily.
Enter note: You closely miss the adder.
Your kick misses the adder. The adder bites you.
You are poisoned.
The adder poisons you! The adder closely misses you.
You barely miss the adder. Your kick misses the adder.
You feel sick. The adder bites you.
You are more poisoned.
The adder poisons you!
You closely miss the adder.
You feel sick. The adder bites you.
You hit the adder. You claw the adder.
The adder is moderately wounded.
You feel sick. The adder bites you.
You are lethally poisoned!
The adder poisons you!
An adder comes into view.
The adder closely misses you.
You hit the adder.
The adder is severely wounded.
You feel sick. The adder bites you.
You are more poisoned.
The adder poisons you!
You slash the adder!
You kill the adder!
You hit the adder.
You feel very sick. The adder barely misses you.
You have reached level 4!
You feel clever.
1867 ||| READING 2 scrolls of teleportation.
As you read the scroll of teleportation, it crumbles to dust.
You feel strangely unstable.
You feel very sick. The adder misses you.
The adder bites you but does no damage.
You slash the adder!
You kill the adder!
You die...

##.>.#########.#
#...............
#....###.....>.#
#.#.## #.#######
### #.#.# #.# ..
#.#.# #.#
##.###. #.#.#
...
.....^.##.#.#
#.# #%@....# #.#
..........###
#.# ...###.####
#.# # #. ##


There were no monsters in sight!

Vanquished Creatures
  4 adders
  A dart slug (D:1)
  5 ball pythons
  3 endoplasms (D:1)
  2 giant cockroaches (D:1)
  4 goblins
  A hobgoblin (D:1)
  2 kobolds
  3 quokkas
  5 bats
  2 frilled lizards
32 creatures vanquished.

Notes
Turn   | Place    | Note
-------+----------+-------------------------------------------
     0 | D:1      | qw the Tengu Warper began the quest for the Orb.
     0 | D:1      | Reached XP level 1. HP: 12/12 MP: 4/4
     0 | D:1      | 0 ||| qw: Version: 0.1-a-89-g26bdef1
     0 | D:1      | 0 ||| qw: Game counter: 187
     0 | D:1      | 0 ||| qw: Always use a shield: true
     0 | D:1      | 0 ||| qw: God list: Okawaru
     0 | D:1      | 0 ||| qw: Allow faded altars: false
     0 | D:1      | 0 ||| qw: Do Orc after D:15 true
     0 | D:1      | 0 ||| qw: Do second Lair branch before Depths: true
     0 | D:1      | 0 ||| qw: Lair rune preference: random
     0 | D:1      | 0 ||| qw: Plans: Normal
     0 | D:1      | 0 ||| PLANNING D:1-11
    24 | D:1      | 24 ||| Stepping ~*~*~tactically~*~*~ (hiding).
   126 | D:1      | 126 ||| Stepping ~*~*~tactically~*~*~ (hiding).
   307 | D:1      | Reached skill level 3 in Axes
   307 | D:1      | Reached XP level 2. HP: 16/17 MP: 6/6
   839 | D:1      | Found a faded altar of an unknown god.
  1050 | D:1      | 1050 ||| DROPPING +0 hand axe of holy wrath.
  1077 | D:1      | 1077 ||| UPGRADING to amulet of guardian spirit.
  1082 | D:1      | 1082 ||| READING scroll labelled KAOWUS DEVIEDE.
  1083 | D:1      | 1083 ||| READING scroll labelled PADESU GUGUAPH.
  1084 | D:1      | 1084 ||| READING scroll labelled DYEZUED HAPSO.
  1085 | D:1      | 1085 ||| READING scroll labelled IZOSHAU TEILA.
  1090 | D:1      | 1090 ||| READING 4 scrolls labelled KITWIV HEINTEA.
  1091 | D:1      | 1091 ||| READING 3 scrolls of enchant weapon.
  1091 | D:1      | 1091 ||| ENCHANTING +1 hand axe.
  1092 | D:1      | 1092 ||| READING 2 scrolls of enchant weapon.
  1092 | D:1      | 1092 ||| ENCHANTING +2 hand axe.
  1093 | D:1      | 1093 ||| READING scroll of enchant weapon.
  1093 | D:1      | 1093 ||| ENCHANTING +3 hand axe.
  1094 | D:1      | 1094 ||| DROPPING scroll of blinking.
  1169 | D:2      | Reached XP level 3. HP: 21/21 MP: 7/7
  1185 | D:2      | Identified the +2 robe of the Dungeon {Int+4}
  1233 | D:2      | Reached skill level 4 in Axes
  1545 | D:2      | 1545 ||| Stepping ~*~*~tactically~*~*~ (hiding).
  1726 | D:2      | 1726 ||| DROPPING +2 robe of the Dungeon {Int+4}.
  1727 | D:2      | 1727 ||| DROPPING ring of magical power.
  1728 | D:2      | 1728 ||| READING scroll labelled DICIECL ZUAL.
  1729 | D:2      | 1729 ||| READING scroll labelled SUHADE HOBAPH.
  1730 | D:2      | 1730 ||| READING scroll labelled OTYNARRAYM.
  1731 | D:2      | 1731 ||| DRINKING 2 fizzy green potions.
  1866 | D:3      | HP: 4/21 [poisoned by an adder]
  1867 | D:3      | Reached XP level 4. HP: 4/26 MP: 3/8
  1867 | D:3      | 1867 ||| READING 2 scrolls of teleportation.
  1868 | D:3      | Succumbed to an adder's poison

Levels and vault maps discovered:
D:1:      psy_arrival_conway, layout_basic, chequers_ecumenical_altar_island
D:2:      layout_rooms
D:3:      layout_loops_ring, serial_shops, nicolae_lakefront_shop, uniq_natasha,
          uniq_grinder, uniq_robin, uniq_jessica

Skill      XL: |  1  2  3 |
---------------+----------+-----
Axes           | 3 4 |  4.6
Fighting       | |  2.0
Throwing       | |  1.0
Armour         | |  1.1
Dodging        | |  2.1
Spellcasting   | |  2.0
Translocations | |  2.4

Action                   |  1- 3 |  4- 6 || total
-------------------------+-------+-------++-------
Melee: Hand axe          |    66 |     1 ||    67
       Kick              |    11 |       ||    11
       Peck              |     5 |       ||     5
       Punch             |     1 |       ||     1
Throw: Boomerang         |     7 |       ||     7
  Use: Scroll            |    11 |     1 ||    12
       Potion            |     1 |       ||     1
Armor: Leather armour    |    14 |     1 ||    15
Dodge: Dodged            |    34 |     1 ||    35

Table legend:
 A = Non-vault XP
 B = Vault XP
 C = Vault XP percentage of total XP
 D = Non-vault monster count
 E = Vault monster count
 F = Vault count percentage of total count
                 A         B        C        D         E       F
            +---------+---------+-------+---------+---------+-------
      Total |     100 |       0 |   0.0 |      32 |       0 |   0.0
            +---------+---------+-------+---------+---------+-------
        D:1 |      31 |       0 |   0.0 |      16 |       0 |   0.0
        D:2 |      37 |       0 |   0.0 |      10 |       0 |   0.0
        D:3 |      32 |       0 |   0.0 |       6 |       0 |   0.0
            +---------+---------+-------+---------+---------+-------
